 Dungeon Crawl Stone Soup version 0.26.0-18-gc5c842f807 (webtiles) character file.

Game seed: 6082702781793695265

5805 Doot the Chopper (level 10, -8/76 HPs)
             Began as a Demonspawn Chaos Knight on Jan 22, 2021.
             Was a Plaything of Xom.
             Mangled by a phantasmal warrior (18 damage)
             ... led by a death knight
             ... on level 11 of the Dungeon.
             The game lasted 00:17:49 (10235 turns).

Doot the Chopper (Demonspawn Chaos Knight)         Turns: 10235, Time: 00:17:49

Health: -8/76      AC: 13    Str: 14    XL:     10   Next: 50%
Magic:  10/10      EV: 11    Int: 17    God:    Xom [..*...]
Gold:   504        SH: 15    Dex: 13    Spells: 9/9 levels left

rFire    . . .     SeeInvis .   J - +2 war axe (flame)
rCold    + . .     Faith    .   t - +6 kite shield "Haic" {Int+2}
rNeg     . . .     Spirit   .   N - +0 acid dragon scales
rPois    +         Reflect  .   (no helmet)
rElec    .         Harm     .   G - +2 cloak {rPois}
rCorr    +         Rampage  .   (no gloves)
Will     +....                  (no boots)
Stlth    ++........             P - amulet of regeneration
HPRegen  0.62/turn              (no ring)
MPRegen  0.12/turn              (no ring)

@: no status effects
A: talons 1, icy blue scales 2, blurry vision 2, cold resistance 1,
strong-willed 1, powered by death 1, screaming 2, spiny 2
a: Renounce Religion


You were on level 11 of the Dungeon.
You worshipped Xom.
You were a toy of Xom.
You visited 1 branch of the dungeon, and saw 11 of its levels.
You also visited: Ossuary.

You collected 798 gold pieces.
You spent 294 gold pieces at shops.

Inventory:

Hand Weapons
 a - a +4 quarterstaff of chaos
 b - a +2 dagger of electrocution
 F - a +0 hand axe of chaos
 J - a +2 war axe of flaming (weapon)
Missiles
 l - 8 curare-tipped darts (quivered)
 u - 2 throwing nets
 w - 7 poisoned darts
Armour
 f - a +0 scale mail
 k - a +2 leather armour
 t - the +6 kite shield "Haic" (worn) {Int+2}
   (Xom gifted it to you on level 8 of the Dungeon)

   It affects your intelligence (+2).
 G - a +2 cloak of poison resistance (worn)
 H - a +0 pair of boots
 N - +0 acid dragon scales (worn)
Jewellery
 d - an uncursed amulet of magic regeneration
 D - an uncursed ring of resist corrosion
 P - an amulet of regeneration (around neck)
Wands
 v - a wand of flame (16)
 y - a wand of disintegration (6)
 A - a wand of polymorph (19)
 M - a wand of iceblast (7)
Scrolls
 c - 6 scrolls of blinking
 e - 9 scrolls of teleportation
 i - 15 scrolls of identify
 j - 2 scrolls of enchant weapon {unknown}
 m - 2 scrolls of immolation {unknown}
 n - a scroll of random uselessness {unknown}
 s - 3 scrolls of enchant armour {unknown}
 C - 2 scrolls of amnesia {unknown}
 I - 3 scrolls of fear
 K - a scroll of noise {unknown}
 O - a scroll of fog {unknown}
 R - a scroll of magic mapping {unknown}
Potions
 g - 2 potions of ambrosia {unknown}
 h - 4 potions of resistance
 o - 6 potions of curing {unknown}
 p - 5 potions of heal wounds
 q - 3 potions of lignification {unknown}
 r - a potion of degeneration
 x - a potion of attraction {unknown}
 z - 3 potions of brilliance {unknown}
 B - a potion of magic {unknown}
 E - 2 potions of berserk rage {unknown}
 L - a potion of invisibility {unknown}
 Q - a potion of flight {unknown}


   Skills:
 + Level 6.2 Fighting
 + Level 3.9 Short Blades
 + Level 6.7 Axes
 + Level 5.3 Staves
 + Level 1.9 Throwing
 + Level 6.3 Armour
 + Level 4.4 Dodging
 + Level 3.5 Stealth
 + Level 4.1 Shields
 + Level 2.5 Evocations


You had 9 spell levels left.
You didn't know any spells.
Your spell library was empty.

Dungeon Overview and Level Annotations

Branches:
Dungeon (11/15)            Temple (0/1) D:6         Ossuary (visited)
   Lair: D:8-11         Orc: D:9-12

Altars:
Ashenzari
Cheibriados
Elyvilon
Fedhas
Kikubaaqudgha
Nemelex Xobeh
Qazlal
Uskayaw
Vehumet
Wu Jian
Xom
Yredelemnul
The Shining One

Shops:
D:6 ?   D:10 ?

Annotations:
D:9 2 transporters, VeinyPole's ghost, novice TrMo


Innate Abilities, Weirdness & Mutations

You have sharp toenails.
You are mostly covered in icy blue scales. (AC +3)
You regenerate a little health from kills.
You are mostly covered in sharp spines.
Scrolls take you longer to read.
Your flesh is cold resistant. (rC+)
You are strong-willed. (Will+)
You sometimes yell uncontrollably at your foes.


Message History

Press: ? - help, Shift-Dir - straight line, f - phantasmal warrior
Aim: a phantasmal warrior (lightly damaged, chance to affect: 25%)
Okay, then.
You hit the phantasmal warrior. You burn the phantasmal warrior.
The phantasmal warrior is lightly damaged.
You hit the phantasmal warrior. You burn the phantasmal warrior.
The phantasmal warrior is struck by your spines.
The phantasmal warrior hits you!! x2
* * * LOW HITPOINT WARNING * * *
You block the phantasmal warrior's attack.
Really read with blurry vision while enemies are nearby? [Y]es or [N]o only, please.
Really read with blurry vision while enemies are nearby? [Y]es or [N]o only, please.
Really read with blurry vision while enemies are nearby?
The phantasmal warrior hits you!
* * * LOW HITPOINT WARNING * * *
The phantasmal warrior hits you!!
You die...
Xom howls with laughter!

. ...####
#.#####.#...####
. ...^..#
#...##..........
p u.....#
##..##..........
W .......
#...#.......... W
W..$...
##............. .
.......
##..##.......#.
W#.......
###...#####....##
..## ###W....#
##...## ...###
###W@#....##
###..# #..p.###
###pu###.....#
###.
###..u.####(W.##
#.....### ##
###.......###
##......###
###...###
#<.......###
##.##
#..........####
#..#
#..............#
#..#
#...............
...#
#.....##.........


You could see a death knight (reflects damage), a cyan ugly thing, 2 phantasmal
warriors and a wraith.

Vanquished Creatures
  A hydra (D:10)
  A cyclops (D:9)
  Maggie (D:7)
  2 trolls
  5 yaks (D:10)
  An orc warrior (D:9)
  A necrophage (D:10)
  3 ogres
  7 centaurs
  5 bullfrogs
  2 scorpions
  6 killer bees
  4 wights
  4 howler monkeys
  2 electric eels (D:9)
  An iron imp (D:7)
  Crazy Yiuf (D:2)
  5 jellies
  2 centaur skeletons
  7 orc priests
  2 hounds
  7 orc wizards
  2 bullfrog skeletons
  Terence (D:3)
  Ijyb (D:3)
  Natasha (thrice) (D:2)
  6 worker ants
  A killer bee zombie (D:8)
  A big kobold zombie (Ossuary)
  A hound skeleton (D:2)
  2 mummies (Ossuary)
  4 gnolls (D:9)
  6 adders
  2 white imps
  3 ufetubi
  2 adder skeletons
  A worm (D:3)
  4 dart slugs
  6 leopard geckos
  30 orcs
  7 bats
  3 giant cockroaches
  12 goblins
  8 hobgoblins
  5 jackals
  A quokka (D:8)
  2 ball pythons
  2 frilled lizards
  2 gnoll zombies (Ossuary)
  4 goblin zombies (Ossuary)
  4 hobgoblin zombies (Ossuary)
  A jackal zombie (D:5)
  8 kobolds
  A leopard gecko zombie (D:5)
  3 orc zombies (Ossuary)
  A quokka skeleton (D:6)
  7 rats
217 creatures vanquished.

Vanquished Creatures (collateral kills)
  An ogre (D:6)
1 creature vanquished.

Vanquished Creatures (others)
  3 killer bees (D:10)
  2 orcs (D:9)
5 creatures vanquished.

Grand Total: 223 creatures vanquished

Notes
Turn   | Place    | Note
-------+----------+-------------------------------------------
     0 | D:1      | Doot the Demonspawn Chaos Knight began the quest for the
                  | Orb.
     0 | D:1      | Reached XP level 1. HP: 18/18 MP: 1/1
    70 | D:1      | XOM: silly message
    76 | D:1      | XOM: potion effect (curing)
    82 | D:1      | XOM: potion effect (berserk rage)
    86 | D:1      | Gained mutation: You are partially covered in icy blue
                  | scales. (AC +2) [demonic ancestry]
    86 | D:1      | Reached XP level 2. HP: 24/24 MP: 2/2
   434 | D:1      | XOM: silly message
   472 | D:1      | Gained mutation: You are mostly covered in icy blue scales.
                  | (AC +3) [demonic ancestry]
   472 | D:1      | Reached XP level 3. HP: 29/29 MP: 3/3
   835 | D:2      | Reached skill level 1 in Dodging
   882 | D:2      | Noticed a bullfrog
   894 | D:2      | Killed a bullfrog
   895 | D:2      | Gained mutation: You regenerate a little health from kills.
                  | [demonic ancestry]
   895 | D:2      | Reached XP level 4. HP: 7/37 MP: 4/4
  1150 | D:2      | Noticed Natasha
  1165 | D:2      | XOM: potion effect (curing)
  1166 | D:2      | Killed Natasha
  1167 | D:2      | Gained mutation: You have sharp toenails. [demonic
                  | ancestry]
  1167 | D:2      | Reached XP level 5. HP: 37/42 MP: 5/5
  1196 | D:2      | Noticed Natasha
  1212 | D:2      | Killed Natasha
  1226 | D:2      | Found a broken altar of Ashenzari.
  1244 | D:2      | Noticed Natasha
  1246 | D:2      | Killed Natasha
  1247 | D:2      | Reached skill level 1 in Short Blades
  1314 | D:2      | XOM: cast spell 'Summon Small Mammal'
  1371 | D:2      | Found a white marble altar of Elyvilon.
  1405 | D:2      | Found a hide-covered altar of Uskayaw.
  1518 | D:2      | Found a stormy altar of Qazlal.
  1561 | D:2      | Found a runed translucent door.
  1564 | D:2      | Noticed Crazy Yiuf
  1611 | D:3      | XOM: silly message
  1704 | D:3      | Gained mutation: You are partially covered in sharp spines.
                  | [demonic ancestry]
  1704 | D:3      | Reached XP level 6. HP: 48/48 MP: 6/6
  1708 | D:3      | Noticed Terence
  1724 | D:3      | XOM: confuse monster(s)
  1930 | D:3      | XOM: god gift: 42 gold pieces
  2004 | D:3      | Noticed Ijyb
  2009 | D:3      | Killed Ijyb
  2032 | D:3      | XOM: potion effect (brilliance)
  2035 | D:3      | Killed Terence
  2201 | D:3      | XOM: cloud trail
  2417 | D:3      | XOM: noise
  2517 | D:4      | Found a radiant altar of Vehumet.
  2560 | D:4      | XOM: noise
  2561 | D:4      | XOM: confuse monster(s)
  2956 | D:4      | Reached skill level 1 in Stealth
  2956 | D:4      | Reached XP level 7. HP: 55/55 MP: 7/7
  3109 | D:4      | XOM: give mutations
  3109 | D:4      | Gained mutation: Your flesh is cold resistant. (rC+) [Xom's
                  | grace]
  3109 | D:4      | Gained mutation: You can translocate small distances at
                  | will. [Xom's grace]
  3109 | D:4      | Gained mutation: You are strong-willed. (Will+) [Xom's
                  | grace]
  3378 | D:5      | Entered Level 5 of the Dungeon
  3461 | D:5      | Found a glowing golden altar of the Shining One.
  3469 | D:5      | XOM: potion effect (might)
  3569 | D:5      | XOM: 6-stop teleportation journey
  3581 | D:5      | Found an ancient bone altar of Kikubaaqudgha.
  3729 | D:5      | XOM: potion effect (curing)
  3990 | D:5      | XOM: 1-stop teleportation journey
  3996 | D:5      | XOM: scenery: 1 doors open
  4092 | D:5      | Found a blossoming altar of Fedhas.
  4250 | D:2      | Killed Crazy Yiuf
  4301 | D:1      | XOM: scenery: create altars
  4400 | D:6      | Found Miemuz's Magic Scroll Boutique.
  4400 | D:6      | XOM: 5-stop teleportation journey
  4432 | D:6      | Found a basalt altar of Yredelemnul.
  4457 | D:6      | XOM: butterfly on damage
  4465 | D:6      | Reached skill level 5 in Armour
  4465 | D:6      | Reached XP level 8. HP: 36/61 MP: 8/8
  4488 | D:6      | Found a sand-covered staircase.
  4493 | Ossuary  | Entered an ossuary
  4561 | Ossuary  | Reached skill level 1 in Staves
  4868 | D:6      | Found a staircase to the Ecumenical Temple.
  4876 | D:6      | Reached skill level 1 in Evocations
  5006 | D:6      | Bought a scroll of teleportation for 36 gold pieces
  5006 | D:6      | Bought a scroll of fear for 42 gold pieces
  5006 | D:6      | Bought a scroll of remove curse for 36 gold pieces
  5006 | D:6      | Bought 2 scrolls of blinking for 180 gold pieces
  5027 | D:6      | XOM: summons 8 friendly demons
  5345 | D:7      | Reached skill level 5 in Fighting
  5424 | D:7      | XOM: fog
  5484 | D:7      | XOM: scenery: 3 doors open, 1 doors close
  5778 | D:7      | Noticed Maggie
  5790 | D:7      | XOM: destruction
  5803 | D:7      | Killed Maggie
  6037 | D:7      | Found a snail-covered altar of Cheibriados.
  6332 | D:7      | XOM: cloud trail
  6505 | D:8      | XOM: scenery: summon butterflies
  6581 | D:8      | Gained mutation: You are mostly covered in sharp spines.
                  | [demonic ancestry]
  6581 | D:8      | Reached XP level 9. HP: 68/68 MP: 9/9
  6598 | D:8      | Found an ornate altar of the Wu Jian Council.
  6623 | D:8      | XOM: god gift: ancient kite shield {god gift}
  6626 | D:8      | Got an ancient kite shield {god gift}
  6668 | D:7      | XOM: noise
  6675 | D:7      | Identified the +6 kite shield "Haic" {Int+2} (Xom gifted it
                  | to you on level 8 of the Dungeon)
  6784 | D:8      | Found a sparkling altar of Nemelex Xobeh.
  6819 | D:8      | Reached skill level 5 in Staves
  7181 | D:9      | XOM: enchant monster (bad)
  7185 | D:9      | Noticed a two-headed ogre
  7189 | D:9      | Noticed a cyclops
  7189 | D:9      | a two-headed ogre changed into a cyclops
  7189 | D:9      | XOM: polymorph two-headed ogre -> cyclops
  7266 | D:9      | Noticed a troll
  7267 | D:9      | XOM: swap monsters
  7282 | D:9      | XOM: chaos upgrade
  7373 | D:9      | Reached skill level 1 in Shields
  7417 | D:9      | XOM: give mutations
  7417 | D:9      | Gained mutation: You are frail. (-10% HP) [Xom's mischief]
  7417 | D:9      | Lost mutation: You are frail. (-10% HP) [Xom's mischief]
  7422 | D:9      | XOM: summons 5 hostile demons
  7423 | D:9      | Noticed a hellwing
  7459 | D:8      | XOM: give mutations
  7459 | D:8      | Lost mutation: You can translocate small distances at will.
                  | [Xom's mischief]
  7459 | D:8      | Gained mutation: Scrolls take you a little longer to read.
                  | [Xom's mischief]
  7459 | D:8      | Lost mutation: Scrolls take you a little longer to read.
                  | [Xom's mischief]
  7459 | D:8      | Gained mutation: You occasionally shout uncontrollably at
                  | your foes. [Xom's mischief]
  7575 | D:9      | Found a transporter.
  7579 | D:9      | Found a transporter.
  7589 | D:9      | XOM: divination: detect creatures
  7594 | D:9      | XOM: 2-stop teleportation journey
  7701 | D:9      | XOM: noise
  7743 | D:9      | XOM: noise
  7767 | D:9      | XOM: torment (35/68 hp)
  8007 | D:9      | Reached skill level 1 in Throwing
  8016 | D:9      | Noticed VeinyPole's ghost (novice TrMo)
  8100 | D:9      | Reached skill level 5 in Axes
  8251 | D:9      | XOM: give mutations
  8251 | D:9      | Gained mutation: You sometimes yell uncontrollably at your
                  | foes. [Xom's mischief]
  8251 | D:9      | Gained mutation: Scrolls take you a little longer to read.
                  | [Xom's mischief]
  8251 | D:9      | Gained mutation: Scrolls take you longer to read. [Xom's
                  | mischief]
  8374 | D:9      | Killed a troll
  8455 | D:9      | Killed a cyclops
  9024 | D:10     | Entered Level 10 of the Dungeon
  9102 | D:10     | Noticed a five-headed hydra
  9106 | D:10     | XOM: torment (36/69 hp)
  9132 | D:10     | XOM: destruction
  9140 | D:10     | XOM: cleaving
  9153 | D:10     | Reached XP level 10. HP: 50/76 MP: 10/10
  9256 | D:10     | XOM: fog
  9563 | D:10     | Killed a four-headed hydra
  9592 | D:10     | Found Ficuh's Magic Scroll Boutique.
  9623 | D:10     | XOM: silly message
  9668 | D:10     | XOM: silly message
  9686 | D:10     | XOM: potion effect (haste)
  9717 | D:10     | XOM: divination: detect items
  9797 | D:10     | XOM: silly message
 10213 | D:11     | Noticed a death knight
 10213 | D:11     | Noticed a phantasmal warrior
 10213 | D:11     | Noticed a phantasmal warrior
 10213 | D:11     | Noticed a cyan ugly thing
 10235 | D:11     | Mangled by a phantasmal warrior

Illustrated notes

Levels and vault maps discovered:
D:1:      grunt_arrival_crossed_arrows, layout_loops_ring
D:2:      layout_rooms, nicolae_overflow_crystal_walls,
          nicolae_qazlal_eye_of_the_storm, eat_drink_and_be_merry_uskayaw,
          evilmike_ruin_ashenzari, uniq_crazy_yiuf_cottage, uniq_natasha
D:3:      layout_basic, uniq_ijyb, uniq_terence
D:4:      layout_basic, old_standard_altar
D:5:      layout_gridville, overflow_temple_1_default, tso_metal_star,
          basic_altar, minmay_between
D:6:      layout_basic, kennysheep_mini, minmay_temple_entry_proselytizer,
          serial_shops, shop, enter_ossuary_5
D:7:      layout_gridville, slow_altar_2, uniq_maggie
D:8:      layout_loops_cross, nzn_wu_jian_council_hall, lemuel_statue_altar
D:9:      layout_basic, nzn_ghost_randoct
D:10:     layout_irregular_city, serial_shops, nicolae_shop_behind_doors
D:11:     layout_cave_pods, lair_entry_dummy,
          kennysheep_orc_monster_closet_entryway, serial_shops,
          kennysheep_mini_moat

Skill      XL: |  1  2  3  4  5  6  7  8  9 10 |
---------------+-------------------------------+-----
Axes           | 3 4 5 6 |  6.7
Armour         | 2 3 5 6 |  6.3
Dodging        | 1 2 3 4 |  4.4
Fighting       | 4 5 6 |  6.2
Short Blades   | 1 2 3 |  3.9
Stealth        | 1 2 3 |  3.5
Staves         | 4 5 |  5.3
Evocations     | 1 2 |  2.5
Shields        | 2 4 |  4.1
Throwing       | 1 |  1.9

Action                   |  1- 3 |  4- 6 |  7- 9 | 10-12 || total
-------------------------+-------+-------+-------+-------++-------
Melee: Hand axe          |    83 |       |       |       ||    83
       Dagger            |    10 |   124 |    52 |       ||   186
       Kick              |       |    27 |    59 |    21 ||   107
       Quarterstaff      |       |       |   107 |       ||   107
       War axe           |       |       |   113 |    59 ||   172
Throw: Dart              |       |       |    14 |       ||    14
       Throwing net      |       |       |     2 |       ||     2
Evoke: Wand              |       |     3 |     3 |     7 ||    13
  Use: Scroll            |       |     1 |     1 |       ||     2
       Potion            |       |     1 |       |       ||     1
 Stab: Paralysed         |     1 |     1 |     2 |       ||     4
       Sleeping          |       |       |     1 |       ||     1
Armor: Leather armour    |    13 |       |       |       ||    13
       Scale mail        |    39 |    43 |    64 |       ||   146
       Acid dragon scale |       |       |    41 |    11 ||    52
Dodge: Dodged            |    50 |    52 |   133 |    14 ||   249
Block: Kite shield       |       |       |   111 |    39 ||   150
